 Dungeon Crawl Stone Soup version 0.23-a0-164-g7711e57 (webtiles) character file.

89467 EvilAliv3 the Warrior (level 15, -7/135 HPs)
             Began as a Demonspawn Abyssal Knight on Sept 8, 2018.
             Was a High Priest of Lugonu.
             Killed from afar by a naga mage (16 damage)
             ... with a poison arrow
             ... on level 4 of the Snake Pit on Sept 9, 2018.
             The game lasted 03:59:54 (33710 turns).

EvilAliv3 the Warrior (Demonspawn Abyssal Knight)  Turns: 33710, Time: 03:59:55

Health: -7/135     AC: 26    Str: 23    XL:     15   Next: 49%
Magic:  19/25      EV:  3    Int: 14    God:    Lugonu [*****.]
Gold:   2232       SH: 16    Dex: 16    Spells: 12/17 levels left

rFire    . . .     SeeInvis +   a - +7 broad axe (distort)
rCold    . . .     Gourm    .   A - +0 shield
rNeg     . . .     Faith    .   Y - +1 crystal plate armour
rPois    .         Spirit   .   (helmet unavailable)
rElec    +         Reflect  +   X - scarf {repulsion}
rCorr    .         Harm     .   B - +0 pair of gloves of Generosity {*Slow rElec Str+2 Dex+3}
MR       ++...                  J - +0 pair of boots
Stlth    ..........             W - +5 amulet of reflection
HPRegen  0.32/turn              x - +3 ring of strength
MPRegen  0.19/turn              I - ring of protection from magic

@: lethally poisoned (-7 -> -19), repel missiles
A: antennae 3, rugged brown scales 2, demonic guardian 1, spiny 2
a: Depart the Abyss, Bend Space, Banish, Corrupt, Enter the Abyss, Renounce
Religion


You were on level 4 of the Snake Pit.
You worshipped Lugonu.
Lugonu was extremely pleased with you.
You were near starving.

You visited 4 branches of the dungeon, and saw 23 of its levels.
You visited the Abyss 1 time.
You also visited: Labyrinth.

You collected 3108 gold pieces.
You spent 876 gold pieces at shops.

Inventory:

Hand Weapons
 a - a +7 broad axe of distortion (weapon)
 b - the +6 hand crossbow of Nokkieg {velocity, *Corrode rPois rN+++ Str+5}
   (You bought it in a shop on level 8 of the Dungeon)

   Any bolt fired from it inflicts extra damage.
   It affects your strength (+5).
   It protects you from poison.
   It renders you almost immune to negative energy.
   It may corrode you when you take damage.
 Z - a +0 eveningstar
Missiles
 q - 125 bolts
 t - 2 throwing nets (quivered)
Armour
 u - a +0 large shield
 A - a +0 shield (worn)
 B - the +0 pair of gloves of Generosity (worn) {*Slow rElec Str+2 Dex+3}
   (You found it in a labyrinth)

   It affects your strength (+2).
   It affects your dexterity (+3).
   It insulates you from electricity.
   It may slow you when you take damage.
 J - a +0 pair of boots (worn)
 X - a scarf of repulsion (worn)
 Y - a +1 crystal plate armour (worn)
Jewellery
 e - an uncursed ring of protection from cold
 s - an uncursed ring of resist corrosion
 x - a +3 ring of strength (left hand)
 I - a ring of protection from magic (right hand)
 O - an uncursed ring of protection from fire
 W - a +5 amulet of reflection (around neck)
Wands
 f - a wand of digging (13)
 m - a wand of acid (2)
 D - a wand of flame (96)
 H - a wand of disintegration (20)
 P - a wand of iceblast (27)
 T - a wand of clouds (3)
Scrolls
 i - 2 scrolls of blinking
 k - a scroll of silence {unknown}
 l - 4 scrolls of teleportation
 r - 5 scrolls of fog
 v - 3 scrolls of enchant armour
 w - 5 scrolls of identify
 F - a scroll of immolation
 L - 2 scrolls of remove curse
 M - 2 scrolls of enchant weapon
 N - 3 scrolls of amnesia
Potions
 d - 4 potions of curing
 g - 2 potions of resistance
 h - 5 potions of brilliance
 j - 4 potions of mutation
 n - 5 potions of haste
 o - 2 potions of agility
 p - 2 potions of invisibility
 C - 4 potions of heal wounds
 G - 4 potions of ambrosia
 K - 3 potions of might
 S - 2 potions of flight
 U - 4 potions of lignification
Miscellaneous
 y - a phantom mirror
 E - a phial of floods
 V - 2 boxes of beasts
Comestibles
 c - 32 rations


   Skills:
 * Level 15.2 Fighting
 * Level 14.2 Axes
 + Level 3.1 Crossbows
 + Level 10.1 Armour
 - Level 0.8 Dodging
 + Level 6.4 Shields
 - Level 1.9 Spellcasting
 - Level 2.2 Hexes
 - Level 13.3 Invocations
 + Level 3.0 Evocations


You had 12 spell levels left.
You knew the following spells:

 Your Spells              Type           Power        Failure   Level  Hunger
a - Confuse               Hex            #.......     100%        3    ####...
b - Slow                  Hex            #.......     100%        2    ###....

Your spell library contained the following spells:

 Spells                   Type           Power        Failure   Level  Hunger
 Confusing Touch          Hex            #.....       100%        1    ##.....
 Corona                   Hex            #......      100%        1    ##.....
 Flame Tongue             Conj/Fire      #....        100%        1    ##.....
 Magic Dart               Conj           #...         100%        1    ##.....
 Sandblast                Erth           #.....       100%        1    ##.....
 Blink                    Tloc           N/A          100%        2    ###....
 Call Imp                 Summ           #.......     100%        2    ###....
 Ensorcelled Hibernation  Hex/Ice        #.....       100%        2    ###....
 Passwall                 Tmut/Erth      #.......     100%        2    ###....
 Searing Ray              Conj           #.....       100%        2    ###....
 Sublimation of Blood     Necr           #.........   100%        2    ###....
 Swiftness                Chrm/Air       #.......     100%        2    ###....
 Conjure Flame            Conj/Fire      #.......     100%        3    ####...
 Dazzling Spray           Conj/Hex       #.....       100%        3    ####...
 Gell's Gravitas          Tloc           #.........   100%        3    ####...
 Ignite Poison            Fire/Tmut/Pois #.......     100%        3    ####...
 Inner Flame              Hex/Fire       #.......     100%        3    ####...
 Mephitic Cloud           Conj/Pois/Air  #.......     100%        3    ####...
 Ozocubu's Armour         Chrm/Ice       #.......     100%        3    ####...
 Portal Projectile        Hex/Tloc       #.....       100%        3    ####...
 Spectral Weapon          Hex/Chrm       #.......     100%        3    ####...
 Stone Arrow              Conj/Erth      #.....       100%        3    ####...
 Tukima's Dance           Hex            #.......     100%        3    ####...
 Cause Fear               Hex            #.........   100%        4    #####..
 Force Lance              Conj/Tloc      #.......     100%        4    #####..
 Fulminant Prism          Conj/Hex       #.........   100%        4    #####..
 Ice Form                 Ice/Tmut       #.......     100%        4    #####..
 Iskenderun's Mystic Bla  Conj           #.......     100%        4    #####..
 Leda's Liquefaction      Hex/Erth       #.........   100%        4    #####..
 Petrify                  Tmut/Erth      #.......     100%        4    #####..
 Alistair's Intoxication  Tmut/Pois      #.......     100%        5    ######.
 Excruciating Wounds      Chrm/Necr      #.........   100%        5    ######.
 Irradiate                Conj/Tmut      #.........   100%        5    ######.
 Iskenderun's Battlesphe  Conj/Chrm      #.......     100%        5    ######.
 Lee's Rapid Deconstruct  Erth           #.........   100%        5    ######.
 Metabolic Englaciation   Hex/Ice        #.........   100%        5    ######.
 Yara's Violent Unravell  Hex/Tmut       #.........   100%        5    ######.
 Bolt of Cold             Conj/Ice       #.........   100%        6    #######
 Bolt of Fire             Conj/Fire      #.........   100%        6    #######
 Freezing Cloud           Conj/Ice/Air   #.........   100%        6    #######
 Hydra Form               Tmut           #.........   100%        6    #######
 Ozocubu's Refrigeration  Ice            #.........   100%        6    #######
 Simulacrum               Ice/Necr       #.........   100%        6    #######
 Statue Form              Tmut/Erth      #........    100%        6    #######
 Dragon Form              Tmut           #.........   100%        7    #######
 Ring of Flames           Chrm/Fire      #.........   100%        7    #######
 Dragon's Call            Summ           #.........   100%        9    #######


Dungeon Overview and Level Annotations

Branches:
Dungeon (11/15)            Temple (0/1) D:6            Lair (6/6) D:9
 Shoals (0/4) Lair:4        Snake (4/4) Lair:2        Slime (0/5) Lair:5
    Orc (2/2) D:11            Elf (0/3) Orc:2

Altars:
Cheibriados
Dithmenos
Hepliaklqana
Sif Muna
Wu Jian
Yredelemnul
Zin

Shops:
D:4 }   D:8 *((   Orc:1 [   Snake:4 !

Annotations:
Lair:2 exclusion: 2 oklob plants, Rupert
Lair:4 exclusion: 3 oklob plants
Lair:6 corrupted
Snake:1 corrupted
Snake:4 corrupted
Orc:1 corrupted


Innate Abilities, Weirdness & Mutations

You have a pair of large antennae on your head. (SInv)
You are mostly covered in rugged brown scales. (AC +2, +5% HP)
A weak demonic guardian rushes to your aid.
You are mostly covered in sharp spines.


Message History

The splash of poison is repelled.
The splash of poison hits the nagaraja.
The nagaraja appears unharmed.
The naga is struck by your spines. The naga hits you but does no damage.
The naga warrior spits poison at you. The splash of poison hits you!
You are lethally poisoned!
A naga comes into view. It is wielding a hand axe.
The naga mage casts a spell.
The naga mage seems to speed up.
You feel better.
* * * LOW HITPOINT WARNING * * *
You are poisoned.
The nagaraja points at you and mumbles some strange words.
You easily resist.
You block the guardian serpent's attack.
You block the nagaraja's attack. You block the naga's attack.
The naga mage casts a spell at you. The poison arrow hits you!
You are lethally poisoned!
You die...

#...#{{5{ .##.
#..{#X{{ N.. {
#..{N#X ..#
#N[x{#3 ##N.## {
#...#.#{ {##....##
#...##.[#
##...NN.## #...#
####
##...NNNNS##.....
# #....§N@SNS..N..
#
#....SNNN.N....###
#
##(..).N.##...##.#
# ##.....## .##.##
{##...## #...#
##.# { #...## ..{
#..#.## ...
##....## ##....# #


You could see 2 naga warriors, 2 nagarajas, a naga ritualist, a shock serpent, 2
guardian serpents, a black mamba, 3 naga magi and 8 nagas.

Vanquished Creatures
  Roxanne (Snake:3)
  A minotaur (Lab)
  6 naga warriors
  Erolcha (D:9)
  5 hydras
  2 anacondas
  A catoblepas (Lair:2)
  A two-headed ogre (D:10)
  5 shock serpents
  3 naga sharpshooters
  A salamander mystic (Snake:3)
  2 naga ritualists
  5 deep elf magi (D:11)
  An ugly thing (D:10)
  A cyclops (D:10)
  2 oklob plants (Lair:5)
  3 mana vipers
  A wolf spider (Lair:6)
  2 orc knights
  2 orc sorcerers (Orc:1)
  7 salamanders
  Joseph (D:9)
  4 guardian serpents
  8 naga magi
  13 elephants
  2 molten gargoyles (D:11)
  27 black mambas
  16 spiny frogs
  3 centaur skeletons
  A rime drake (Lair:6)
  3 komodo dragons
  2 hellwings (D:8)
  5 trolls
  3 hornets (Lair:6)
  6 polar bears (Lair:1)
  2 raiju (Lair:6)
  5 dream sheep (Lair:5)
  7 hippogriffs
  8 blink frogs
  5 redbacks
  2 shadows (Lab)
  6 wyverns (Lair:6)
  Eustachio (D:6)
  23 yaks
  A human (D:9)
  A basilisk (Lair:2)
  A steam dragon (D:8)
  Menkaure (D:9)
  3 hungry ghosts
  4 wargs
  25 nagas
  22 water moccasins
  10 hell hounds (Lair:6)
  5 porcupines
  5 sky beasts
  10 orc warriors
  3 ice beasts
  12 black bears
  A necrophage (D:10)
  9 ogres
  5 phantoms
  4 centaurs
  10 wolves
  11 crocodiles
  2 big kobolds
  15 bullfrogs
  A wyvern zombie (D:8)
  2 scorpions
  9 wights
  11 killer bees
  2 howler monkeys (D:10)
  3 electric eels
  A bullfrog zombie (D:10)
  4 centaur zombies
  2 crimson imps
  5 lava snakes (D:11)
  6 hounds
  10 orc priests
  4 jellies
  2 bullfrog skeletons
  3 iguanas
  21 orc wizards
  10 worker ants
  A hound zombie (D:8)
  A hound skeleton (D:5)
  A worker ant zombie (D:11)
  4 gnolls (D:5)
  13 adders
  6 shadow imps
  2 oozes
  A worm (D:3)
  6 leopard geckos
  44 orcs
  A ball python (D:2)
  6 bats
  6 giant cockroaches
  8 hobgoblins
  25 jackals
  11 kobolds
  4 quokkas
  4 frilled lizards
  2 goblins
  A quokka skeleton (D:4)
  4 rats
  2 fungi (Lair:6)
  3 plants (Lair:6)
618 creatures vanquished.

Vanquished Creatures (collateral kills)
  A deep elf mage (D:11)
  A mana viper (Snake:2)
  An elephant (Lair:6)
  4 black mambas
  A centaur skeleton (D:8)
  2 spiny frogs
  A polar bear (Lair:1)
  2 dream sheep (Lair:5)
  2 hippogriffs
  2 yaks
  An orc warrior (Orc:1)
  A black bear (D:6)
  A wolf (Lair:6)
  A bullfrog (Lair:5)
  A scorpion (D:7)
  A wight (D:9)
  A jelly (D:7)
  An orc priest (D:7)
  An orc wizard (Orc:2)
  A hound zombie (D:8)
  An adder (D:7)
  An orc (D:8)
  A jackal (D:6)
30 creatures vanquished.

Vanquished Creatures (others)
  A nagaraja (Snake:4)
  2 orc warlords (Orc:1)
  Louise (Snake:1)
  5 naga warriors
  An anaconda (Snake:4)
  2 alligators (Lair:6)
  3 naga sharpshooters (Snake:1)
  A shock serpent (Snake:1)
  A salamander mystic (Snake:3)
  2 orc knights (Orc:1)
  2 mana vipers (Snake:1)
  3 deep elf magi (D:11)
  3 orc sorcerers (Orc:1)
  3 naga magi
  5 black mambas (Snake:1)
  9 polar bears (Lair:6)
  2 trolls (Orc:1)
  4 wargs
  12 nagas
  3 hell hounds (Lair:6)
  18 orc warriors
  5 black bears (Lair:6)
  2 wolves (Lair:6)
  4 orc priests (Orc:1)
  An orc wizard (Orc:1)
  9 orcs (Orc:1)
  A quokka (D:11)
  15 fungi
  21 plants
  19 starspawn tentacles
160 creatures vanquished.

Grand Total: 808 creatures vanquished

Notes
Turn   | Place    | Note
-------+----------+-------------------------------------------
     0 | Abyss:1  | EvilAliv3 the Demonspawn Abyssal Knight began the quest for
                  | the Orb.
     0 | Abyss:1  | Reached XP level 1. HP: 18/18 MP: 2/2
     6 | Abyss:1  | Noticed a thrashing horror
    31 | D:1      | Escaped the Abyss
   299 | D:1      | Reached * piety under Lugonu
   299 | D:1      | Gained mutation: You have a pair of small antennae on your
                  | head. [demonic ancestry]
   299 | D:1      | Reached XP level 2. HP: 22/24 MP: 4/4
  1363 | D:2      | Found a basalt altar of Yredelemnul.
  1378 | D:2      | Gained mutation: You are partially covered in sharp spines.
                  | [demonic ancestry]
  1378 | D:2      | Reached XP level 3. HP: 26/29 MP: 5/5
  2807 | D:3      | Gained mutation: You are partially covered in rugged brown
                  | scales. (AC +1, +3% HP) [demonic ancestry]
  2807 | D:3      | Reached XP level 4. HP: 25/36 MP: 6/6
  3171 | D:4      | Reached XP level 5. HP: 38/43 MP: 7/7
  3453 | D:4      | Reached skill level 4 in Fighting
  3757 | D:4      | Found Ajoh's Gadget Emporium.
  3890 | D:4      | Noticed a phantom
  3935 | D:4      | Killed a phantom
  3935 | D:4      | Reached ** piety under Lugonu
  3935 | D:4      | Reached XP level 6. HP: 39/49 MP: 6/9
  4073 | D:4      | You fall through a shaft for 2 floors!
  4074 | D:6      | Noticed a hippogriff
  4104 | D:6      | Found a staircase to the Ecumenical Temple.
  4124 | D:6      | Noticed Eustachio
  4209 | D:5      | Entered Level 5 of the Dungeon
  4209 | D:5      | Noticed a sky beast
  4269 | D:5      | Noticed an ice beast
  4563 | D:5      | Reached skill level 5 in Invocations
  4897 | D:5      | Killed an ice beast
  4897 | D:5      | Gained mutation: A weak demonic guardian rushes to your
                  | aid. [demonic ancestry]
  4897 | D:5      | Reached XP level 7. HP: 25/56 MP: 3/10
  5102 | D:5      | Reached skill level 5 in Axes
  5149 | D:5      | Reached skill level 5 in Fighting
  5641 | D:6      | Killed Eustachio
  5810 | D:6      | Killed a hippogriff
  5810 | D:6      | Gained mutation: You are mostly covered in rugged brown
                  | scales. (AC +2, +5% HP) [demonic ancestry]
  5810 | D:6      | Reached XP level 8. HP: 56/67 MP: 10/12
  5838 | D:6      | Noticed Menkaure
  5925 | D:6      | Reached skill level 6 in Fighting
  6470 | D:7      | Reached *** piety under Lugonu
  6567 | D:7      | Learned a level 2 spell: Blink
  6661 | D:7      | Reached skill level 7 in Fighting
  6691 | D:7      | Found a deep blue altar of Sif Muna.
  6728 | D:7      | Gained mutation: You are mostly covered in sharp spines.
                  | [demonic ancestry]
  6728 | D:7      | Reached XP level 9. HP: 75/75 MP: 14/14
  6826 | D:7      | Reached skill level 1 in Shields
  6863 | D:7      | Found a snail-covered altar of Cheibriados.
  6870 | D:7      | Found a hazy altar of Hepliaklqana.
  7426 | D:8      | Reached skill level 8 in Fighting
  7434 | D:8      | Noticed a hellwing
  7566 | D:8      | Reached **** piety under Lugonu
  7594 | D:8      | Found Zyhumiceseg's General Store.
  7750 | D:8      | Bought a scroll of magic mapping for 49 gold pieces
  8222 | D:8      | Found Igyta's Antique Weapon Boutique.
  8231 | D:8      | Bought a jewelled hand axe for 280 gold pieces
  8232 | D:8      | Identified the +6 hand axe of Pride {pain, rF+} (You bought
                  | it in a shop on level 8 of the Dungeon)
  8356 | D:8      | Found Kybos's Antique Weapon Shop.
  8366 | D:8      | Gained mutation: You have a pair of antennae on your head.
                  | [demonic ancestry]
  8366 | D:8      | Reached XP level 10. HP: 83/86 MP: 14/16
  8368 | D:8      | Reached skill level 5 in Armour
  8838 | D:9      | Found a staircase to the Lair.
  8862 | D:9      | Reached skill level 9 in Fighting
  9484 | D:9      | Noticed Erolcha
  9549 | D:9      | Noticed Joseph
 10151 | D:9      | Killed Menkaure
 10367 | D:10     | Entered Level 10 of the Dungeon
 10481 | D:10     | Reached ***** piety under Lugonu
 10496 | D:10     | Noticed a white ugly thing
 10509 | D:10     | Killed a white ugly thing
 10509 | D:10     | Gained mutation: You have a pair of large antennae on your
                  | head. (SInv) [demonic ancestry]
 10509 | D:10     | Reached XP level 11. HP: 79/94 MP: 13/18
 11123 | D:10     | Reached skill level 10 in Fighting
 11156 | D:10     | Found a shadowy altar of Dithmenos.
 11157 | D:10     | Noticed a two-headed ogre
 11227 | D:9      | Killed Joseph
 11262 | D:8      | Bought a faintly glowing battleaxe for 287 gold pieces
 11262 | D:8      | Identified the cursed +3 battleaxe "Giantslayer" {drain,
                  | rElec rC- Str+4 Int+3} (You bought it in a shop on level 8
                  | of the Dungeon)
 11465 | D:9      | Killed Erolcha
 11833 | Lair:1   | Entered Level 1 of the Lair of Beasts
 12295 | Lair:1   | Reached skill level 10 in Invocations
 12579 | Lair:1   | Reached skill level 10 in Axes
 13207 | Lair:1   | Reached skill level 11 in Fighting
 13854 | Lair:2   | Reached XP level 12. HP: 91/105 MP: 17/19
 14108 | Lair:2   | Noticed a catoblepas
 14358 | Lair:2   | Noticed an eight-headed hydra
 14904 | Lair:1   | Upgraded the game from 0.23-a0-151-gf6d1ed2 to
                  | 0.23-a0-163-g800ba1e
 14972 | Lair:2   | Found a staircase to the Snake Pit.
 15342 | Lair:3   | Found a labyrinth entrance.
 15419 | Lab      | Entered a labyrinth
 15446 | Lab      | Found an exit through the horrors of the Abyss.
 15556 | Lab      | Noticed a minotaur
 15577 | Lab      | Killed a minotaur
 15577 | Lab      | Reached skill level 12 in Fighting
 15599 | Lab      | Identified the Tome of Enhancements
 15638 | Lab      | Got a pitted leather armour
 15666 | Lab      | Got a pair of translucent gloves
 15669 | Lab      | Identified the +0 pair of gloves of Generosity {*Slow rElec
                  | Str+2 Dex+3} (You found it in a labyrinth)
 15675 | Lab      | Identified the +1 leather armour of Generosity {rPois} (You
                  | found it in a labyrinth)
 15769 | Lair:3   | Noticed a six-headed hydra
 15776 | Lair:3   | Killed a six-headed hydra
 16395 | Lair:4   | Upgraded the game from 0.23-a0-163-g800ba1e to
                  | 0.23-a0-164-g7711e57
 16630 | Lair:4   | Noticed an eight-headed hydra
 16937 | Lair:4   | Found a staircase to the Shoals.
 17404 | Lair:5   | Reached XP level 13. HP: 94/114 MP: 21/21
 17902 | Lair:5   | Found a staircase to the Slime Pits.
 18745 | Lair:6   | Entered Level 6 of the Lair of Beasts
 19230 | Lair:6   | Reached skill level 13 in Fighting
 19590 | Lair:6   | Reached ****** piety under Lugonu
 20021 | Lair:6   | Corrupted Lair:6
 20021 | Lair:6   | Noticed a bone dragon
 21465 | Lair:6   | Reached XP level 14. HP: 124/124 MP: 23/23
 21763 | Lair:6   | Identified a +6 broad axe of distortion (a +4 broad axe
                  | corrupted by Lugonu)
 21763 | Lair:6   | Received a gift from Lugonu
 21894 | Lair:2   | Found an ornate altar of the Wu Jian Council.
 23050 | D:11     | Reached skill level 14 in Fighting
 23539 | D:11     | Found a staircase to the Orcish Mines.
 23654 | Orc:1    | Entered Level 1 of the Orcish Mines
 23707 | Orc:1    | Found Sucw's Armour Shoppe.
 23912 | Orc:1    | Noticed an orc warlord
 23913 | Orc:1    | Corrupted Orc:1
 23913 | Orc:1    | Noticed a tentacled starspawn
 23913 | Orc:1    | Noticed a bone dragon
 23935 | Orc:1    | Noticed an orc warlord
 23941 | Orc:1    | Killed an orc warlord
 23941 | Orc:1    | Reached skill level 5 in Shields
 23942 | Orc:1    | Killed an orc warlord
 24513 | Orc:1    | Got a bloodstained chain mail
 24674 | Orc:1    | Identified the +5 chain mail of Responsibility {Int+3} (You
                  | found it on level 1 of the Orcish Mines)
 24712 | Orc:1    | Learned a level 2 spell: Slow
 24717 | Orc:1    | Learned a level 3 spell: Confuse
 24718 | Orc:2    | Entered Level 2 of the Orcish Mines
 24874 | Orc:2    | Found a staircase to the Elven Halls.
 25917 | Snake:1  | Entered Level 1 of the Snake Pit
 25917 | Snake:1  | Noticed Rupert
 26167 | Snake:1  | Corrupted Snake:1
 26167 | Snake:1  | Noticed a starcursed mass
 26167 | Snake:1  | Noticed a tentacled starspawn
 26167 | Snake:1  | Noticed a tentacled starspawn
 26181 | Snake:1  | Reached skill level 1 in Hexes
 26193 | Snake:1  | Noticed Louise
 26196 | Snake:1  | Killed Louise
 26407 | D:8      | Bought a transparent hand crossbow for 212 gold pieces
 26407 | D:8      | Identified the +6 hand crossbow of Nokkieg {velocity,
                  | *Corrode rPois rN+++ Str+5} (You bought it in a shop on
                  | level 8 of the Dungeon)
 27184 | Snake:1  | Reached skill level 1 in Spellcasting
 28644 | Snake:2  | Reached skill level 1 in Crossbows
 29916 | Snake:3  | Reached skill level 1 in Evocations
 30402 | Snake:2  | Reached XP level 15. HP: 133/133 MP: 25/25
 31421 | Snake:3  | Found a glowing silver altar of Zin.
 31781 | Snake:3  | Noticed Roxanne
 32154 | Snake:3  | Reached skill level 10 in Armour
 32318 | Snake:3  | Reached skill level 15 in Fighting
 32698 | Snake:3  | Killed Roxanne
 33162 | Snake:4  | Entered Level 4 of the Snake Pit
 33291 | Snake:4  | Found Oceot's Distillery.
 33294 | Snake:4  | Bought a potion of curing for 48 gold pieces
 33693 | Snake:4  | Noticed a nagaraja
 33702 | Snake:4  | Corrupted Snake:4
 33702 | Snake:4  | Noticed a tentacled starspawn
 33704 | Snake:4  | Noticed a tentacled starspawn
 33704 | Snake:4  | Killed a nagaraja
 33708 | Snake:4  | Noticed a nagaraja
 33708 | Snake:4  | Noticed a nagaraja
 33708 | Snake:4  | HP: 1/135 [naga mage/poison arrow (15)]
 33710 | Snake:4  | Killed from afar by a naga mage

Vault maps used:
D:1:      dpeg_arrival_three_bigger_balls, corner_web_ring
D:2:      yredelemnul_altar_generic
D:3:      first_ration
D:4:      serial_shops, nicolae_shop_trees, kennysheep_generic_room_15
D:6:      temple_doors_cd, st_stairs_9, uniq_menkaure, uniq_eustachio
D:7:      led_sif_book, minitemple, wad_mini_maze
D:8:      cheibrodos_grave_circle, serial_shops, kennysheep_mini_moat, shop,
          shop
D:9:      lair_entry_dummy, grunt_pizzeria, uniq_joseph, uniq_erolcha
D:10:     grunt_dithmenos_smoke_and_mirrors
D:11:     cheibrodos_magma_flow, hangedman_decor_growths, elves_outpost_lemuel
Lair:1:   beast_lair_carwin_large_4, grunt_megastairs_4,
          infiniplex_staircase_pool
Lair:2:   guppyfry_snake_entry_garden, basic_altar, grunt_megastairs_2,
          lemuel_fruit_tree, minmay_lair_oklob_chamber
Lair:3:   lab_entry_generic, minmay_hedge_maze, serial_bayou_shore_a
Lair:4:   dpeg_oklob_gauntlet, elwin_shoals_entry_rooms
Lair:5:   minmay_slime_entry_oklob_enclosed
Lair:6:   hangedman_lair_tendril_chambers, hangedman_lair_caniforms_friends
Snake:1:  special_room, uniq_louise, uniq_rupert
Snake:3:  basic_altar, basic_stair_grate_trap, uniq_roxanne
Snake:4:  johnstein_snake_rune_scales, serial_shops, nicolae_shop_behind_doors
Orc:1:    serial_shops, nicolae_shop_competitors_out_of_business,
          minmay_orc_treasury
Orc:2:    grunt_orc_tribal_feast, special_room
Lab:      nicolae_lab_dead_adventurers, nicolae_lab_arrow,
          nicolae_lab_starburst, labyrinth_fake_exit, nicolae_lab_flowing_pool,
          nicolae_lab_diamond, labyrinth_skeletal_remains,
          nicolae_lab_checkerboard, lab_block, lab_fountain, nicolae_lab_blocks

Skill      XL: |  1  2  3  4  5  6  7  8  9 10 11 12 13 14 15 |
---------------+----------------------------------------------+-----
Axes           | 2 3 4 5 6 8 9 10 11 12 13 14 | 14.2
Invocations    | 3 4 5 6 7 8 9 10 11 13 | 13.3
Fighting       | 4 5 7 8 9 11 12 13 14 15 | 15.2
Armour         | 2 3 4 5 6 8 9 10 | 10.1
Shields        | 2 4 5 6 |  6.4
Hexes          | 2 |  2.2
Spellcasting   | 1 |  1.9
Crossbows      | 1 3 |  3.1
Evocations     | 1 3 |  3.0
Dodging        | |  0.8

Action                   |  1- 3 |  4- 6 |  7- 9 | 10-12 | 13-15 || total
-------------------------+-------+-------+-------+-------+-------++-------
Melee: Hand axe          |   117 |   122 |   114 |       |       ||   353
       Broad axe         |       |       |   146 |   575 |   870 ||  1591
       Eveningstar       |       |       |       |     3 |    31 ||    34
       Battleaxe         |       |       |       |       |     5 ||     5
 Fire: Blowgun           |     4 |     8 |       |     4 |    14 ||    30
       Hand crossbow     |       |       |       |       |    34 ||    34
Throw: Tomahawk          |       |       |       |     2 |     1 ||     3
Invok: Depart the Abyss  |     1 |       |       |       |       ||     1
       Corrupt           |       |       |       |       |     4 ||     4
       Banish            |       |       |       |       |     3 ||     3
       Bend Space        |       |       |       |       |     1 ||     1
       Brand Weapon With |       |       |       |       |     1 ||     1
Evoke: Wand              |       |       |       |     8 |    43 ||    51
  Use: Scroll            |     7 |     2 |     8 |    15 |    11 ||    43
       Potion            |       |     2 |       |     5 |     6 ||    13
 Stab: Distracted        |       |       |       |    11 |    14 ||    25
       Confused          |       |       |       |       |     4 ||     4
  Eat: Chunk             |     6 |     3 |    12 |    27 |    26 ||    74
       Ration            |       |     1 |     1 |     1 |     8 ||    11
Armor: Leather armour    |    17 |       |       |       |       ||    17
       Ring mail         |    10 |    33 |       |       |       ||    43
       Plate armour      |       |    24 |    98 |   167 |       ||   289
       Scale mail        |       |       |    31 |    80 |       ||   111
       Crystal plate arm |       |       |       |    50 |   574 ||   624
Dodge: Dodged            |    57 |    43 |    71 |   151 |    70 ||   392
       Deflected         |       |       |       |       |    14 ||    14
Block: Buckler           |       |       |    27 |   139 |       ||   166
       Shield            |       |       |       |    77 |   679 ||   756
       Reflection        |       |       |       |     1 |    56 ||    57
       Other             |       |       |       |       |     1 ||     1

Table legend:
 A = Non-vault XP
 B = Vault XP
 C = Vault XP percentage of total XP
 D = Non-vault monster count
 E = Vault monster count
 F = Vault count percentage of total count
                 A         B        C        D         E       F
            +---------+---------+-------+---------+---------+-------
      Total |   88995 |   38816 |  30.4 |     497 |     171 |  25.6
            +---------+---------+-------+---------+---------+-------
        D:1 |      20 |       0 |   0.0 |       9 |       0 |   0.0
        D:2 |      34 |       0 |   0.0 |      14 |       0 |   0.0
        D:3 |      43 |       0 |   0.0 |      16 |       0 |   0.0
        D:4 |     203 |     118 |  36.8 |      16 |       1 |   5.9
        D:5 |     530 |       0 |   0.0 |      16 |       0 |   0.0
        D:6 |     744 |     163 |  18.0 |      17 |       3 |  15.0
        D:7 |    1675 |     142 |   7.8 |      43 |       3 |   6.5
        D:8 |    1669 |    2538 |  60.3 |      30 |      12 |  28.6
        D:9 |    2180 |    1628 |  42.8 |      35 |       4 |  10.3
       D:10 |    3702 |       0 |   0.0 |      37 |       0 |   0.0
       D:11 |    1632 |    5397 |  76.8 |      19 |      16 |  45.7
     Lair:1 |    4481 |    3399 |  43.1 |      23 |      17 |  42.5
     Lair:2 |    7177 |     707 |   9.0 |      20 |       3 |  13.0
     Lair:3 |    3940 |       0 |   0.0 |      15 |       0 |   0.0
     Lair:4 |    4379 |       0 |   0.0 |      16 |       0 |   0.0
     Lair:5 |    5375 |    1399 |  20.7 |      19 |       4 |  17.4
     Lair:6 |    5917 |   14234 |  70.6 |      19 |      72 |  79.1
    Snake:1 |    5091 |       0 |   0.0 |      11 |       0 |   0.0
    Snake:2 |   16054 |       0 |   0.0 |      31 |       0 |   0.0
    Snake:3 |   15272 |    1974 |  11.4 |      36 |       1 |   2.7
    Snake:4 |    4813 |    2772 |  36.5 |       7 |      13 |  65.0
      Orc:1 |    2638 |    1233 |  31.9 |      20 |       6 |  23.1
      Orc:2 |    1426 |    1017 |  41.6 |      28 |      11 |  28.2
        Lab |       0 |    2095 | 100.0 |       0 |       5 | 100.0
            +---------+---------+-------+---------+---------+-------
